 Dungeon Crawl Stone Soup version 0.16-a0-3389-g45633df (webtiles) character file.

5573 runewalsh the Frost Mage (level 10, -1/61 HPs)
             Began as an Octopode Ice Elementalist on Dec 30, 2014.
             Was a Follower of Vehumet.
             Slain by Zeleog the deep elf blademaster
             ... wielding a +4 rapier of speed
             ... created by the player character
              (22 damage)
             ... on level 10 of the Dungeon.
             The game lasted 00:29:26 (10201 turns).

runewalsh the Frost Mage (OpIE)                    Turns: 10201, Time: 00:29:27

Health: -1/61      AC:  2    Str:  8    XL:     10   Next: 72%
Magic:  12/25      EV: 12    Int: 20    God:    Vehumet [*.....]
Gold:   399        SH:  0    Dex: 13    Spells: 4 memorised, 12 levels left

rFire  . . .     SeeInvis .     u - legendary deck of wonders {drawn: 1}
rCold  . . .     Clarity  .     (no shield)
rNeg   . . .     SustAb   +     (helmet restricted)
rPois  .         Gourm    .     (no amulet)
rElec  .         Spirit   .     e - +2 ring of intelligence
rCorr  .         Warding  .     v - ring of flight
rMut   .         Stasis   .     s - ring of sustain abilities
MR     .....                    (no ring)
Stlth  ++++......               (no ring)
                                (no ring)
                                (no ring)
                                (no ring)

@: not resistant to hostile enchantments, stealthy
A: almost no armour, amphibious, 8 rings, constrict 8, fangs 1, camouflage 1,
dopey 1, robust 1, shaggy fur 1, gelatinous body 1, placid magic 1, MP-powered
wands 1
a: Renounce Religion, Evoke Flight


You were on level 10 of the Dungeon.
You worshipped Vehumet.
Vehumet was aware of your devotion.
You were very hungry.

You visited 2 branches of the dungeon, and saw 11 of its levels.

You collected 544 gold pieces.
You spent 145 gold pieces at shops.

Inventory:

Hand weapons
 w - a +2 dagger of venom
Armour
 i - the +2 shield of Evolution {Int+4 Dex+5}
   (You found it on level 5 of the Dungeon)

   It affects your intelligence (+4).
   It affects your dexterity (+5).
Jewellery
 e - a +2 ring of intelligence (left tentacle)
 m - a cursed amulet of resist mutation
 s - a ring of sustain abilities (on tentacle)
 v - a ring of flight (right tentacle)
 S - an uncursed amulet of stasis
Magical devices
 d - a wand of frost (26)
 g - a wand of fire (9)
 C - a wand of digging (6)
Scrolls
 a - 2 scrolls of enchant weapon
 b - a scroll of noise
 f - 4 scrolls of identify
 h - 3 scrolls of recharging
 k - 2 scrolls of fog
 q - 2 scrolls of magic mapping
 r - a scroll of enchant armour
 y - a scroll of fear {unknown}
Potions
 z - a potion of magic {unknown}
Books
 l - a Necronomicon {highlevel}

   This book is beyond your current level of understanding.

   Spells                             Type                      Level
   a - Haunt                          Necromancy/Summoning         7
   b - Borgnjor's Revivification      Necromancy                   8
   c - Death's Door                   Charms/Necromancy            8
   d - Necromutation                  Transmutation/Necromancy     8
Miscellaneous
 u - a legendary deck of wonders {drawn: 1} (in tentacle)
Comestibles
 c - 7 bread rations
 j - 8 slices of pizza
 o - 5 fruits
 p - 2 meat rations
 A - 2 beef jerkies


   Skills:
 - Level 2.0 Dodging
 - Level 4.0 Stealth
 + Level 7.5 Spellcasting
 + Level 7.6 Conjurations
 * Level 11.3 Ice Magic


You had 12 spell levels left.
You knew the following spells:

 Your Spells              Type           Power        Failure   Level  Hunger
a - Freeze                Ice            ####         0%          1    None
b - Summon Ice Beast      Ice/Summ       ###.....     4%          4    ###....
z - Throw Icicle          Conj/Ice       ####....     1%          4    ###....
A - Ozocubu's Armour      Chrm/Ice       ###.....     1%          3    None


Dungeon Overview and Level Annotations

Branches:
Dungeon (10/15)            Temple (1/1) D:7            Lair (0/8) D:9
    Orc: D:9-12

Altars:
Ashenzari
Cheibriados
Dithmenos
Elyvilon
Fedhas
Gozag
Kikubaaqudgha
Makhleb
Nemelex Xobeh
Okawaru
Qazlal
Ru
Sif Muna
Trog
Vehumet
Xom
Yredelemnul
Zin
The Shining One

Shops:
D:8 ?

Annotations:
D:8 exclusion: oklob plant


Innate Abilities, Weirdness & Mutations

You cannot wear most types of armour.
You are amphibious.
You can wear up to eight rings at the same time.
You can use your tentacles to constrict many enemies at once.
Your skin changes colour to match your surroundings (Stealth).
Your rubbery body absorbs attacks (AC +1).
You have very sharp teeth.
You are dopey. (Int -2)
You are robust (+10% HP).
You are covered in fur (AC +1).
Your spells are a little easier to cast, but a little less powerful.
You expend magic power (3 MP) to slightly strengthen your wands.


Message History

Your icy armour evaporates.
Zeleog misses you. Zeleog hits you with a rapier!
Your surroundings suddenly seem different.
Something unseen opens the door.
Read which item? (? for menu, Esc to quit)
As you read the scroll labeled ABUNUFFAWI, it crumbles to dust.
You hear a loud clanging noise!
It was a scroll of noise.
You hear a shout!
You hear a loud, deep croak!
Read which item? (? for menu, Esc to quit)
As you read the scroll labeled GRUETA STROECK, it crumbles to dust.
Forget which spell ([?*] list [ESC] exit)?
Forget which spell ([?*] list [ESC] exit)?
Okay, then.
It was a scroll of amnesia.
Read which item? (? for menu, Esc to quit)
As you read the scroll labeled CEIS IMEOCH, it crumbles to dust.
Wisps of shadow whirl around you...
It was a scroll of summoning.
Zeleog hits you with a rapier of speed! Zeleog hits you with a rapier!!
You die...

#.......................
#.......e.Y.............
..##'######...............
..........#....#######....
..........#....# #...#
....oo...#....# #..†#
......o..#....# #...#
######oe.#....# #...#
#..@#....# #Y.Y#
#o..+../.+ #...# #...#
+...# #.... #...# .....
#...# ....... #....
........ ..........
.......+ ...Y..... ###
..........


You could see Zeleog the deep elf blademaster, a friendly orc warrior, a
friendly orc priest (wandering) and 3 friendly orcs.

Vanquished Creatures
  A hydra (D:9)
  Pikel (D:5)
  2 trolls (D:9)
  A human (D:9)
  A yak (D:10)
  4 hippogriffs
  3 orc warriors
  A sky beast (D:5)
  5 ogres
  A phantom (D:6)
  3 slaves (D:5)
  3 centaurs
  A crocodile (D:9)
  Sigmund (D:6)
  3 giant frogs
  A gnoll sergeant (D:9)
  2 scorpions
  7 wights (D:7)
  3 crimson imps
  2 hounds
  4 orc priests
  2 iguanas
  2 centaur skeletons
  3 orc wizards
  3 giant frog skeletons
  5 worker ants
  4 sheep (D:9)
  10 gnolls
  2 shadow imps
  14 adders
  An ufetubus (D:5)
  An adder skeleton (D:6)
  4 giant geckos
  2 oozes
  20 orcs
  14 bats
  3 bat skeletons
  A bat zombie (D:4)
  8 giant cockroaches
  7 goblins
  7 hobgoblins
  6 jackals
  5 kobolds
  6 quokkas
  3 ball pythons
  A giant gecko zombie (D:6)
  8 giant newts
  A giant spore (D:7)
  A quokka zombie (D:6)
  10 rats
  9 ballistomycetes
213 creatures vanquished.

Vanquished Creatures (collateral kills)
  Menkaure (D:6)
  An orc warrior (D:6)
  An ice beast (D:5)
  A wight (D:7)
  2 electric eels (D:9)
  An orc priest (D:6)
7 creatures vanquished.

Vanquished Creatures (others)
  3 ice beasts (D:7)
  An orc wizard (D:6)
  A giant newt (D:5)
  2 giant spores (D:6)
7 creatures vanquished.

Grand Total: 227 creatures vanquished

Notes
Turn   | Place    | Note
--------------------------------------------------------------
     0 | D:1      | runewalsh, the Octopode Ice Elementalist, began the quest for the Orb.
     0 | D:1      | Reached XP level 1. HP: 11/11 MP: 3/3
   556 | D:2      | Found a basalt altar of Yredelemnul.
   573 | D:2      | Reached XP level 2. HP: 17/17 MP: 1/4
   668 | D:2      | Reached XP level 3. HP: 14/21 MP: 0/6
   844 | D:2      | Reached skill level 4 in Ice Magic
   876 | D:2      | Reached XP level 4. HP: 12/27 MP: 1/8
  1132 | D:3      | Found an iron altar of Okawaru.
  1243 | D:2      | HP: 1/27 [gnoll (9)]
  1379 | D:3      | Reached XP level 5. HP: 13/31 MP: 3/10
  1436 | D:3      | Learned a level 3 spell: Ozocubu's Armour
  1441 | D:3      | Learned a level 4 spell: Throw Icicle
  1577 | D:3      | Found a sparkling altar of Nemelex Xobeh.
  2193 | D:4      | Noticed an ogre
  2206 | D:4      | Killed an ogre
  2206 | D:4      | Reached skill level 5 in Ice Magic
  2206 | D:4      | Reached XP level 6. HP: 36/36 MP: 3/13
  2237 | D:4      | Found a blossoming altar of Fedhas.
  2245 | D:4      | Noticed an ogre
  2253 | D:4      | Killed an ogre
  2656 | D:4      | Reached XP level 7. HP: 27/41 MP: 15/15
  2730 | D:4      | Noticed an ogre
  2770 | D:4      | HP: 1/41 [ogre/giant spiked club (33)]
  2779 | D:4      | Killed an ogre
  2779 | D:4      | Reached skill level 6 in Ice Magic
  2965 | D:5      | Entered Level 5 of the Dungeon
  3386 | D:5      | Got a translucent shield
  3392 | D:5      | Identified the +2 shield of Evolution {Int+4 Dex+5} (You found it on level 5 of the Dungeon)
  3432 | D:5      | Noticed Pikel
  3550 | D:5      | Killed Pikel
  3550 | D:5      | Reached skill level 7 in Ice Magic
  3550 | D:5      | Reached XP level 8. HP: 34/46 MP: 9/19
  3607 | D:5      | Found a shadowy altar of Dithmenos.
  3620 | D:5      | Gained mutation: Your spells are a little easier to cast, but a little less powerful. [potion of mutation]
  3620 | D:5      | Gained mutation: You are covered in fur (AC +1). [potion of mutation]
  3620 | D:5      | Gained mutation: You expend magic power (3 MP) to slightly strengthen your wands. [potion of mutation]
  3632 | D:5      | Gained mutation: You have very sharp teeth. [potion of mutation]
  3632 | D:5      | Gained mutation: You are dopey. (Int -2) [potion of mutation]
  3632 | D:5      | Gained mutation: You are robust (+10% HP). [potion of mutation]
  3858 | D:6      | Noticed Sigmund
  3870 | D:6      | Killed Sigmund
  3870 | D:6      | Reached skill level 5 in Spellcasting
  3897 | D:6      | Found a deep blue altar of Sif Muna.
  3921 | D:6      | Found a white marble altar of Elyvilon.
  3922 | D:6      | Found a sacrificial altar of Ru.
  4152 | D:6      | Reached skill level 8 in Ice Magic
  4252 | D:5      | Learned a level 4 spell: Summon Ice Beast
  4266 | D:6      | Noticed Menkaure
  4544 | D:6      | Reached skill level 5 in Conjurations
  4632 | D:6      | Killed Menkaure
  4632 | D:6      | Reached XP level 9. HP: 22/56 MP: 1/21
  5070 | D:6      | Found a glowing golden altar of the Shining One.
  5291 | D:7      | Found a burning altar of Makhleb.
  5291 | D:7      | Noticed a cacodemon
  5294 | D:7      | Noticed an orange demon
  5294 | D:7      | Noticed a hellwing
  5889 | D:7      | Found a staircase to the Ecumenical Temple.
  5894 | Temple   | Entered the Ecumenical Temple
  6426 | D:7      | Reached skill level 9 in Ice Magic
  6464 | D:7      | HP: 2/56 [wight/battleaxe (1)]
  7666 | D:8      | Reached skill level 10 in Ice Magic
  7672 | D:8      | Found an opulent altar of Gozag.
  7678 | D:8      | Found a stormy altar of Qazlal.
  7684 | D:8      | Found a shattered altar of Ashenzari.
  7690 | D:8      | Found a radiant altar of Vehumet.
  7694 | D:8      | Became a worshipper of Vehumet
  7743 | D:8      | Found Iclec's Magic Scroll Shoppe.
  7772 | D:8      | Bought a scroll of recharging for 95 gold pieces
  7772 | D:8      | Bought a scroll of identify for 20 gold pieces
  7809 | D:8      | Bought a scroll of remove curse for 30 gold pieces
  7961 | D:8      | Noticed an oklob plant
  8205 | D:9      | Reached XP level 10. HP: 52/61 MP: 17/24
  8433 | D:9      | Found a sacrificial altar of Ru.
  9181 | D:9      | Noticed a four-headed hydra
  9299 | D:9      | Killed a four-headed hydra
  9299 | D:9      | Reached skill level 11 in Ice Magic
  9509 | D:9      | Found a staircase to the Lair.
  9989 | D:9      | Acquired Vehumet's first power
  9989 | D:9      | Offered knowledge of Sting by Vehumet.
 10002 | D:10     | Entered Level 10 of the Dungeon
 10190 | D:10     | Noticed Zeleog
 10201 | D:10     | Slain by Zeleog the deep elf blademaster

Action                   |  1- 3 |  4- 6 |  7- 9 | 10-12 || total
-------------------------+-------+-------+-------+-------++-------
Melee: Unarmed           |    29 |    19 |       |       ||    48
       Dagger            |       |    22 |   217 |    42 ||   281
 Cast: Freeze            |    27 |    77 |    73 |    15 ||   192
       Ozocubu's Armour  |       |     1 |    15 |     4 ||    20
       Throw Icicle      |       |       |    61 |    51 ||   112
       Summon Ice Beast  |       |       |    18 |     4 ||    22
 Abil: Evoke Flight      |       |       |       |     1 ||     1
Evoke: Wand              |       |       |     8 |       ||     8
       Deck              |       |       |       |     1 ||     1
  Use: Potion            |     1 |     7 |     6 |     1 ||    15
       Scroll            |       |     2 |     8 |     5 ||    15
 Stab: Sleeping          |     5 |     9 |     9 |       ||    23
       Invisible         |       |     1 |       |       ||     1
       Distracted        |       |       |     1 |       ||     1
  Eat: Pizza             |       |     1 |       |       ||     1
       Chunk             |       |     5 |    10 |    11 ||    26
       Meat ration       |       |       |     3 |       ||     3
       Bread ration      |       |       |     1 |       ||     1
